 Dungeon Crawl Stone Soup version 0.31.0-11-ge490571c62 (webtiles) character file.

Game seed: 6317933001258991060

342 SmokeWeed the Trooper (level 6, -3/52 HPs)
             Began as a Hill Orc Monk on Jan 30, 2024.
             Slain by an orc
             ... wielding a +0 whip
              (5 damage)
             ... on level 3 of the Dungeon.
             The game lasted 00:08:17 (2364 turns).

SmokeWeed the Trooper (Hill Orc Monk)               Turns: 2364, Time: 00:08:18

Health: -3/52      AC:  8    Str: 20    XL:     6   Next: 57%
Magic:  7/7        EV:  9    Int: 10    God:
Gold:   184        SH: 10    Dex: 15    Spells: 6/7 levels left

rFire   . . .        j - +3 hand axe (elec)
rCold   . . .        t - +2 kite shield
rNeg    . . .        q - +0 scale mail
rPois   .            (no helmet)
rElec   .            (no cloak)
rCorr   .            r - +0 pair of gloves
SInv    .            n - +0 pair of boots
Will    .....        (no amulet) Stlth
                     u - +6 ring of strength
HPRegen 0.28/turn    (no ring)
MPRegen 0.10/turn

%: no passive effects
@: no status effects
A: no striking features
a: no special abilities


You were on level 3 of the Dungeon.
You visited 1 branch of the dungeon, and saw 3 of its levels.

You collected 184 gold pieces.

Inventory:

Hand Weapons
 j - a +3 hand axe of electrocution (weapon)
 w - a +3 dagger
 y - a +2 dagger of distortion
 z - a +2 hand axe of freezing
Missiles
 h - 8 poisoned darts (quivered)
Armour
 d - an orb of light
 n - a +0 pair of boots (worn)
 q - a +0 scale mail (worn)
 r - a +0 pair of gloves (worn)
 t - a +2 kite shield (worn)
Magical Staves
 k - a staff of conjuration
Jewellery
 u - a +6 ring of strength (left hand)
Talismans
 e - a flux talisman
Scrolls
 a - a scroll of identify
 b - a scroll of vulnerability
 i - 3 scrolls of fog
 l - a scroll of fear
 v - 2 scrolls of teleportation
Potions
 c - 2 potions of ambrosia
 f - a potion of curing
 g - a potion of haste {unknown}
 m - a potion of enlightenment
 o - a potion of attraction


   Skills:
 - Level 4.2 Fighting
 - Level 3.2(3.5) Short Blades
 - Level 2.3(3.3) Long Blades
 + Level 3.7 Axes
 - Level 0.1 Throwing
 - Level 2.7 Armour
 - Level 2.8 Dodging
 - Level 0.1 Stealth
 - Level 1.5 Shields
 - Level 1.1 Spellcasting
 - Level 1.4 Summonings


You had 6 spell levels left.
You knew the following spells:

 Your Spells              Type           Power      Damage    Failure   Level
a - Summon Small Mammal   Summ           12%        N/A       82%         1

Your spell library contained the following spells:

 Spells                   Type           Power      Damage    Failure   Level
 Static Discharge         Conj/Air       0%         3-3/arc   98%         2
 Call Canine Familiar     Summ           3%         N/A       99%         3
 Inner Flame              Hex/Fire       0%         N/A       100%        3
 Airstrike                Air            0%         2d(0-16)  100%        4
 Flame Wave               Conj/Fire      0%         2d4       100%        4
 Sticky Flame             Fire/Alch      0%         2d4       100%        4
 Summon Blazeheart Golem  Fire/Summ      1%         N/A       100%        4
 Summon Lightning Spire   Summ/Air       1%         N/A       100%        4
 Sculpt Simulacrum        Ice/Alch       0%         N/A       100%        6
 Malign Gateway           Summ/Tloc      0%         N/A       100%        7
 Ozocubu's Refrigeration  Ice            0%         4d7       100%        7
 Summon Horrible Things   Summ           1%         N/A       100%        8
 Polar Vortex             Ice            0%         N/A       100%        9


Dungeon Overview and Level Annotations

Branches:
Dungeon (3/15)

Altars:
Qazlal
Vehumet
Beogh
Lugonu

Portals:
Abyss: D:3


Message History

CougarLife's ghost hits you but does no damage.
The orc closely misses you.
You slash CougarLife's ghost!
CougarLife's ghost is severely damaged.
CougarLife's ghost closely misses you. The orc closely misses you.
You barely miss CougarLife's ghost.
CougarLife's ghost is severely damaged.
You block CougarLife's ghost's attack. The orc closely misses you.
You block CougarLife's ghost's attack.
You hit CougarLife's ghost.
CougarLife's ghost is almost destroyed.
You block the orc's attack. CougarLife's ghost barely misses you.
You hit CougarLife's ghost.
You destroy CougarLife's ghost!
The orc hits you from afar with a +5 halberd.
You block the orc's attack. The orc barely misses you.
Your Axes skill increases to level 3!
You slash the orc! Lightning courses through the orc!
You kill the orc!
The orc hits you from afar with a +5 halberd!
You block the orc's attack.
You slash the orc!
You kill the orc!
The orc hits you from afar with a +5 halberd.
You hit the orc.
You kill the orc!
You block the orc's attack. The orc attacks as it pursues you!
You block the orc's attack.
You completely miss the orc.
The orc hits you from afar with a +5 halberd!
* * * LOW HITPOINT WARNING * * *
You barely miss the orc. The orc closely misses you.
You block the orc's attack. The orc hits you with a +0 whip.
* * * LOW HITPOINT WARNING * * *
The orc hits you with a +5 halberd!
* * * LOW HITPOINT WARNING * * *
The orc closely misses you.
You closely miss the orc. You hit the orc. The orc barely misses you.
The orc hits you with a +0 whip.
You die...

####.#8#..8..#8#.##..#########.#
...#.###.....###.##.#..≈≈≈≈≈..##
##.#....#####....##.#.≈.....≈.#
##.#.............##.#§§§≈≈≈.≈.###
...######'''######..#.≈≈...≈≈.#..
##.8.............8###.≈≈._.≈≈.##.
#..............$)# #.§≈...≈≈.#..
#.#####...#...#o## #§≈.≈≈≈.≈.###
#.#######..##.#@####.§.§.§§§.#
#...........#.#.o..#.§§≈§≈≈§.##
#..#######..#.####..#########.#
#######.# #....# #..#.##.#...#)#
#§##...## ##..## #..#.##.#.....#
...##§§§## ##..###.##.#..#...###
.∩§.§§§§§###....#.....#.##...##
...#§§_..()..##.#######.......#
#§##§§....††.##.# #...'[......#


You could see 2 orcs.

Vanquished Creatures
  Sigmund (D:2)
  The ghost of CougarLife the Chopper, a weakling MiBe of Trog (D:3)
  Jessica (D:3)
  Terence (D:3)
  2 adders (D:2)
  3 dart slugs
  2 ribbon worms (D:2)
  5 orcs (D:3)
  5 ball pythons
  7 endoplasms
  2 giant cockroaches
  A goblin (D:1)
  5 hobgoblins
  2 quokkas (D:1)
  3 bats
  A frilled lizard (D:1)
  7 kobolds
  7 rats
56 creatures vanquished.

Notes
Turn   | Place    | Note
-------+----------+-------------------------------------------
     0 | D:1      | SmokeWeed the Hill Orc Monk began the quest for the Orb.
     0 | D:1      | Reached XP level 1. HP: 19/19 MP: 1/1
   216 | D:1      | Reached XP level 2. HP: 24/27 MP: 2/2
   320 | D:1      | Learned a level 1 spell: Summon Small Mammal
   532 | D:1      | Reached skill level 4 in Fighting
   642 | D:2      | Reached skill level 1 in Long Blades
   685 | D:2      | Reached XP level 3. HP: 15/33 MP: 3/3
   978 | D:2      | Noticed Sigmund
   996 | D:2      | Killed Sigmund
   997 | D:2      | Reached skill level 1 in Shields
   997 | D:2      | Reached skill level 1 in Spellcasting
   997 | D:2      | Reached skill level 1 in Summonings
   997 | D:2      | Reached XP level 4. HP: 13/40 MP: 3/5
   997 | D:2      | Reached XP level 5. HP: 15/46 MP: 3/6
  1636 | D:3      | Found a runed translucent gate.
  1641 | D:3      | Reached XP level 6. HP: 41/52 MP: 7/7
  1687 | D:3      | Found a runed translucent gate.
  1687 | D:3      | Found a runed translucent gate.
  1693 | D:3      | Found a large runed translucent door.
  1694 | D:3      | Found a large runed translucent door.
  1698 | D:3      | Found a corrupted altar of Lugonu.
  1730 | D:3      | Found a one-way gate to the infinite horrors of the Abyss.
  1770 | D:3      | Noticed Terence
  1770 | D:3      | Noticed Jessica
  1774 | D:3      | Killed Terence
  1775 | D:3      | Reached skill level 1 in Axes
  1776 | D:3      | Killed Jessica
  1802 | D:3      | Found a stormy altar of Qazlal.
  1884 | D:3      | Found a faded altar of an unknown god.
  2048 | D:3      | Identified the +2 leather armour of Supple Strength {rPois
                  | rCorr Str-4 SInv}
  2049 | D:3      | Noticed CougarLife's ghost (weakling MiBe)
  2110 | D:3      | Found a radiant altar of Vehumet.
  2328 | D:3      | Found a roughly hewn altar of Beogh.
  2356 | D:3      | Killed CougarLife's ghost
  2363 | D:3      | HP: 2/52 [orc/+5 halberd (8)]
  2364 | D:3      | Slain by an orc

Illustrated notes

Levels and vault maps discovered:
D:1:      dpeg_arrival_round_b, layout_rooms, minmay_misc_feat_rows,
          item_on_display_a
D:2:      layout_loops_ring, uniq_sigmund
D:3:      due_chaos_kobolds, layout_basic, mainiacjoe_overflow_six_doors_small,
          mainiacjoe_overflow_paths, biasface_ghost_orc_armoury,
          hellmonk_ecumenical_altar_zigzags, uniq_jessica, uniq_terence

Skill      XL: |  1  2  3  4  5  6 |
---------------+-------------------+-----
Fighting       | 4 |  4.2
Long Blades    | 1 2 |  2.3
Armour         | 2 |  2.7
Shields        | 1 |  1.5
Spellcasting   | 1 |  1.1
Summonings     | 1 |  1.4
Axes           | 3 |  3.7
Short Blades   | |  3.2
Throwing       | |  0.1
Dodging        | |  2.8
Stealth        | |  0.1

Action                     |  1- 3 |  4- 6 || total
---------------------------+-------+-------++-------
  Melee: Long sword        |    78 |    37 ||   115
         Mace              |    14 |       ||    14
         Staff             |     8 |       ||     8
         Hand axe          |       |    45 ||    45
  Throw: Dart              |     2 |     4 ||     6
   Cast: Summon Small Mamm |     2 |       ||     2
    Use: Scroll            |     7 |     2 ||     9
         Potion            |       |     1 ||     1
 Armour: Ring mail         |    65 |    23 ||    88
         Scale mail        |       |    30 ||    30
  Dodge: Dodged            |    59 |    38 ||    97
  Block: Kite shield       |    25 |    50 ||    75
